 Dungeon Crawl Stone Soup version 0.23-a0-639-ga9a3373214 (webtiles) character file.

1005 HereIgoKillingAgain the Spear-Bearer (level 8, -2/56 HPs)
             Began as a Merfolk Gladiator on Dec 29, 2018.
             Slain by an orc warrior
             ... wielding a +0 morningstar
              (23 damage)
             ... on level 6 of the Dungeon.
             The game lasted 00:06:21 (5689 turns).

HereIgoKillingAgain the Spear-Bearer (MfGl)         Turns: 5689, Time: 00:06:22

Health: -2/56      AC:  9    Str: 16    XL:     8   Next: 20%
Magic:  8/8        EV:  8    Int:  5    God:
Gold:   312        SH:  2    Dex: 15    Spells: 7/7 levels left

rFire    . . .     SeeInvis .   a - +0 trident
rCold    . . .     Gourm    .   (no shield)
rNeg     . . .     Faith    .   t - +0 chain mail
rPois    .         Spirit   .   c - +0 helmet
rElec    .         Reflect  +   (no cloak)
rCorr    .         Harm     .   (no gloves)
MR       .....                  (no boots)
Stlth    ..........             l - +2 amulet of reflection
HPRegen  0.18/turn              n - -3 ring of intelligence (curse)
MPRegen  0.11/turn              (no ring)

@: no status effects
A: change form in water, swift swim, stealthy swim
a: no special abilities


You were on level 6 of the Dungeon.
You were hungry.

You visited 1 branch of the dungeon, and saw 6 of its levels.

You collected 312 gold pieces.

Inventory:

Hand Weapons
 a - a +0 trident (weapon)
Missiles
 d - 3 javelins of penetration (quivered)
Armour
 b - a +0 leather armour
 c - a +0 helmet (worn)
 t - a +0 chain mail (worn)
Jewellery
 l - a +2 amulet of reflection (around neck)
 n - a cursed -3 ring of intelligence (left hand)
Wands
 q - a wand of flame (22)
 r - a wand of polymorph (7)
Scrolls
 i - a scroll of remove curse
 v - a scroll of fog {unknown}
Potions
 e - 3 potions of ambrosia
 g - 2 potions of curing
 h - 2 potions of might
 j - 2 potions of lignification
 k - a potion of haste {unknown}
 m - a potion of brilliance {unknown}
 o - a potion of heal wounds
 p - 2 potions of berserk rage
 s - a potion of magic {unknown}
 u - a potion of cancellation {unknown}
Comestibles
 f - 7 rations


   Skills:
 - Level 2.1 Fighting
 + Level 13.3 Polearms
 - Level 2.0 Throwing
 - Level 4.0 Dodging


You had 7 spell levels left.
You didn't know any spells.
Your spell library was empty.

Dungeon Overview and Level Annotations

Branches:
Dungeon (6/15)             Temple (0/1) D:6

Altars:
Ashenzari
Sif Muna

Annotations:
D:6 Grinder


Message History

You throw a javelin of penetration.
The javelin of penetration pierces through the orc warrior but does no damage.
The orc warrior is lightly wounded.
The javelin of penetration closely misses the orc.
The javelin of penetration pierces through Grinder.
Grinder is lightly wounded.
Grinder says, "Wait up."
The orc warrior hits you with a +0 morningstar!
Throwing (i - inventory)
d - 4 javelins of penetration (quivered)
Press: ? - help, Shift-Dir - straight line, f - Grinder, p - orc
Aim: Grinder (lightly wounded)
You throw a javelin of penetration.
The javelin of penetration pierces through the orc warrior!
The orc warrior is heavily wounded.
The javelin of penetration pierces through the orc.
You kill the orc!
The javelin of penetration pierces through Grinder.
Grinder is lightly wounded.
The orc warrior hits you with a +0 morningstar!!
You die...

# #### ##### .#
...########...# #.##
..............### #...##.
...########.....###.......
#.## #.###.##........ #.#
#.# #?@o)).5.(.. #.# #.#
#.##$...?... #.#######
#.....###.....#. #.......#
##...## .[.?## #######.#
#[.. #.....
#######.######. ######
#..............
#.#####.#####.. #.# #.#


You could see Grinder and an orc warrior.

Vanquished Creatures
  2 sky beasts (D:5)
  An ogre (D:5)
  2 bullfrogs (D:6)
  A scorpion (D:5)
  A hound (D:4)
  Jessica (D:2)
  An iguana (D:4)
  3 orc wizards (D:4)
  5 worker ants
  A hound zombie (D:5)
  Robin (D:2)
  8 gnolls
  5 adders
  An adder zombie (D:5)
  An adder skeleton (D:4)
  2 worms
  3 dart slugs (D:1)
  5 leopard geckos
  10 orcs
  8 bats
  6 giant cockroaches
  9 goblins
  8 hobgoblins
  12 jackals
  5 quokkas
  2 ball pythons
  5 frilled lizards
  A jackal skeleton (D:5)
  4 kobolds
  2 leopard gecko skeletons
  9 rats
125 creatures vanquished.

Notes
Turn   | Place    | Note
-------+----------+-------------------------------------------
     0 | D:1      | HereIgoKillingAgain the Merfolk Gladiator began the quest
                  | for the Orb.
     0 | D:1      | Reached XP level 1. HP: 16/16 MP: 1/1
    94 | D:1      | Reached skill level 5 in Polearms
   149 | D:1      | Reached XP level 2. HP: 21/22 MP: 2/2
   219 | D:1      | HP: 1/22 [gnoll/+0 spear (4)]
   227 | D:1      | Reached skill level 6 in Polearms
   227 | D:1      | Reached XP level 3. HP: 10/27 MP: 3/3
   980 | D:2      | Noticed Robin
   999 | D:2      | Killed Robin
   999 | D:2      | Reached skill level 7 in Polearms
   999 | D:2      | Reached XP level 4. HP: 30/33 MP: 4/4
  1205 | D:2      | Noticed Jessica
  1219 | D:2      | Killed Jessica
  1267 | D:2      | Reached skill level 8 in Polearms
  1267 | D:2      | Reached XP level 5. HP: 15/38 MP: 5/5
  1986 | D:2      | Reached skill level 9 in Polearms
  2593 | D:3      | Reached XP level 6. HP: 41/44 MP: 6/6
  2687 | D:3      | Found a shattered altar of Ashenzari.
  3208 | D:4      | Reached skill level 10 in Polearms
  4199 | D:5      | Entered Level 5 of the Dungeon
  4290 | D:5      | Reached XP level 7. HP: 45/50 MP: 7/7
  4387 | D:5      | Reached skill level 11 in Polearms
  4926 | D:5      | Reached skill level 12 in Polearms
  5098 | D:5      | Reached XP level 8. HP: 33/56 MP: 8/8
  5354 | D:6      | Found a deep blue altar of Sif Muna.
  5409 | D:6      | Reached skill level 13 in Polearms
  5597 | D:6      | Found a staircase to the Ecumenical Temple.
  5687 | D:6      | Noticed Grinder
  5689 | D:6      | Slain by an orc warrior

Vault maps used:
D:1:      kennysheep_arrival_seaside
D:2:      chequers_hall_statues_corner_a, uniq_robin, uniq_jessica
D:3:      ashenzari_altar_1
D:4:      first_ration, hex_large
D:5:      glass_columns_a, minmay_puff
D:6:      lemuel_blue_sif_altar, minmay_temple_entry_junction_2, uniq_grinder

Skill      XL: |  1  2  3  4  5  6  7  8 |
---------------+-------------------------+-----
Polearms       | 5 6 7 8 9 10 12 13 | 13.3
Fighting       | |  2.1
Throwing       | |  2.0
Dodging        | |  4.0

Action                   |  1- 3 |  4- 6 |  7- 9 || total
-------------------------+-------+-------+-------++-------
Melee: Trident           |   117 |   330 |   125 ||   572
Throw: Throwing net      |     1 |     2 |       ||     3
       Javelin           |       |       |     3 ||     3
  Use: Potion            |     1 |       |       ||     1
       Scroll            |       |     7 |     4 ||    11
 Stab: Sleeping          |     3 |     3 |       ||     6
       Held in net/web   |     1 |     1 |       ||     2
  Eat: Chunk             |       |     4 |     4 ||     8
       Ration            |       |     2 |       ||     2
Armor: Leather armour    |    39 |    21 |       ||    60
       Chain mail        |       |    75 |    38 ||   113
Dodge: Dodged            |   108 |   105 |    22 ||   235
Block: Other             |       |    19 |     3 ||    22

Table legend:
 A = Non-vault XP
 B = Vault XP
 C = Vault XP percentage of total XP
 D = Non-vault monster count
 E = Vault monster count
 F = Vault count percentage of total count
                 A         B        C        D         E       F
            +---------+---------+-------+---------+---------+-------
      Total |    1232 |     204 |  14.2 |     115 |      10 |   8.0
            +---------+---------+-------+---------+---------+-------
        D:1 |      63 |       0 |   0.0 |      27 |       0 |   0.0
        D:2 |     155 |      63 |  28.9 |      25 |       8 |  24.2
        D:3 |      83 |       0 |   0.0 |      24 |       0 |   0.0
        D:4 |     245 |       0 |   0.0 |      19 |       0 |   0.0
        D:5 |     501 |     141 |  22.0 |      15 |       2 |  11.8
        D:6 |     185 |       0 |   0.0 |       5 |       0 |   0.0
            +---------+---------+-------+---------+---------+-------
